2856 views
Uploaded 2020-09-09 20:51:13
Game version 1.32.8
10:56 long 1on1 custom game on (2)AutumnLeaves
Game name "ducks"
Saved by KEVINWC3
2856 views
Uploaded 2020-09-09 20:51:13
Game version 1.32.8
10:56 long 1on1 custom game on (2)AutumnLeaves
Game name "ducks"

22 units @ 3.1k
/ 0.1k
13 buildings @ 2.2k
/ 0.9k


| Healing Salve | 3 | 300 |
| Lesser Clarity Potion | 3 | 210 |
| Scroll of Speed | 2 | 100 |
| Circlet of Nobility | 1 | 175 |
| total: | 9 | 785g |
| Peon | 8 | 600 | / | 0 |
| Grunt | 9 | 1800 | / | 0 |
| Shaman | 3 | 390 | / | 60 |
| Troll Headhunter | 2 | 280 | / | 40 |
| total: | 22 | 3070g | / | 100w |
| Watch Tower | 2 | 220 | / | 160 |
| Altar of Storms | 1 | 180 | / | 50 |
| Orc Burrow | 4 | 640 | / | 160 |
| Voodoo Lounge | 1 | 130 | / | 30 |
| Barracks | 1 | 180 | / | 50 |
| War Mill | 1 | 205 | / | 0 |
| Great Hall | 1 | 385 | / | 185 |
| Spirit Lodge | 1 | 150 | / | 150 |
| Beastiary | 1 | 145 | / | 140 |
| Stronghold | 1 | 315 | / | 190 |
| total: | 13 | 2235g | / | 925w |
| 0:00 | Peon |
| 0:04 | Altar of Storms |
| 0:05 | Peon |
| 0:05 | Peon |
| 0:16 | Orc Burrow |
| 0:28 | Peon |
| 0:45 | Peon |
| 0:45 | Peon |
| 1:01 | Voodoo Lounge |
| 1:11 | Barracks |
| 1:14 | Peon |
| 1:19 | Peon |
| 1:56 | War Mill |
| 2:04 | Healing Salve |
| 2:04 | Lesser Clarity Potion |
| 2:04 | Scroll of Speed |
| 2:05 | Wind Walk |
| 2:13 | Grunt |
| 2:35 | Stronghold |
| 2:53 | Orc Burrow |
| 3:46 | Grunt |
| 4:00 | Circlet of Nobility |
| 4:44 | Grunt |
| 4:48 | Orc Burrow |
| 5:06 | Critical Strike |
| 5:13 | Spirit Lodge |
| 5:25 | Berserker Strength |
| 5:48 | Grunt |
| 5:55 | Healing Salve |
| 5:56 | Lesser Clarity Potion |
| 5:56 | Scroll of Speed |
| 6:10 | Reinforced Defenses |
| 6:27 | Grunt |
| 6:28 | Shaman |
| 6:30 | Shaman |
| 6:40 | Hex |
| 6:45 | Grunt |
| 7:13 | Watch Tower |
| 7:18 | Shaman |
| 7:26 | Grunt |
| 7:30 | Steel Armor |
| 7:40 | Wind Walk |
| 8:05 | Orc Burrow |
| 8:11 | Healing Wave |
| 8:41 | Great Hall |
| 8:57 | Pillage |
| 8:58 | Healing Wave |
| 9:02 | Shaman Adept Training |
| 9:05 | Steel Melee Weapons |
| 9:05 | Grunt |
| 9:30 | Beastiary |
| 9:41 | Watch Tower |
| 9:51 | Troll Headhunter |
| 10:07 | Grunt |
| 10:12 | Lesser Clarity Potion |
| 10:12 | Healing Salve |
| 10:16 | Troll Headhunter |
| Right click | 864 |
| Select group | 764 |
| Select | 333 |
| Assign group | 209 |
| Misc. action | 87 |
| Build/train/purchase | 69 |
| Use ability | 21 |
| Chat | 14 |
| Item give/drop | 5 |
| Remove unit | 2 |
| Esc | 1 |
25 units @ 2.8k
/ 0.4k
12 buildings @ 2k
/ 0.8k


| Staff of Preservation | 1 | 150 |
| Potion of Healing | 1 | 150 |
| Orb of Venom | 1 | 325 |
| Lesser Clarity Potion | 1 | 70 |
| Dust of Appearance | 2 | 150 |
| Staff of Teleportation | 1 | 150 |
| Potion of Lesser Invulnerability | 1 | 150 |
| total: | 8 | 1145g |
| Wisp | 13 | 780 | / | 0 |
| Archer | 8 | 1040 | / | 80 |
| Dryad | 2 | 290 | / | 120 |
| Mountain Giant | 2 | 700 | / | 200 |
| total: | 25 | 2810g | / | 400w |
| Altar of Elders | 2 | 360 | / | 100 |
| Moon Well | 5 | 900 | / | 200 |
| Ancient of War | 1 | 150 | / | 60 |
| Hunter's Hall | 1 | 210 | / | 100 |
| Ancient of Wonders | 1 | 90 | / | 30 |
| Ancient of Lore | 2 | 310 | / | 290 |
| Tree of Ages | 1 | 320 | / | 180 |
| Tree of Eternity | 1 | 330 | / | 200 |
| total: | 12 | 2020g | / | 780w |
| 0:02 | Altar of Elders |
| 0:02 | Wisp |
| 0:04 | Altar of Elders |
| 0:13 | Wisp |
| 0:17 | Moon Well |
| 0:22 | Ancient of War |
| 0:29 | Wisp |
| 0:41 | Wisp |
| 0:45 | Wisp |
| 0:51 | Wisp |
| 0:57 | Wisp |
| 1:03 | Wisp |
| 1:09 | Wisp |
| 1:23 | Archer |
| 1:26 | Wisp |
| 1:39 | Moon Well |
| 1:42 | Wisp |
| 1:59 | Moon Well |
| 2:08 | Force of Nature |
| 2:30 | Wisp |
| 2:37 | Archer |
| 2:49 | Tree of Ages |
| 3:09 | Moon Well |
| 3:20 | Entangling Roots |
| 3:22 | Archer |
| 3:44 | Staff of Teleportation |
| 3:45 | Dust of Appearance |
| 3:54 | Archer |
| 4:08 | Archer |
| 4:22 | Archer |
| 4:32 | Archer |
| 4:47 | Hunter's Hall |
| 4:56 | Archer |
| 5:50 | Ancient of Lore |
| 6:04 | Ancient of Wonders |
| 6:05 | Improved Bows |
| 6:19 | Mana Burn |
| 6:35 | Tree of Eternity |
| 6:40 | Ancient of Lore |
| 7:07 | Dryad |
| 7:27 | Potion of Lesser Invulnerability |
| 7:27 | Dust of Appearance |
| 7:38 | Force of Nature |
| 7:39 | Mountain Giant |
| 7:41 | Evasion |
| 7:57 | Mountain Giant |
| 8:42 | Staff of Preservation |
| 8:43 | Potion of Healing |
| 8:56 | Orb of Venom |
| 8:58 | Lesser Clarity Potion |
| 8:59 | Hardened Skin |
| 9:02 | Wisp |
| 9:18 | Dryad |
| 9:29 | Moon Well |
| 10:10 | Mana Burn |
| Right click | 542 |
| Select group | 371 |
| Select | 293 |
| Assign group | 149 |
| Misc. action | 148 |
| Build/train/purchase | 68 |
| Use ability | 35 |
| Chat | 7 |
| Item give/drop | 5 |
| Esc | 5 |